AoeStats
← antibar9968

Arabia

506614178Analyzed
1v1 RM · 17d ago on Sep 14, 2026· 26m 46s· 2 players
Game mode
Random Map
Map size
Tiny (2 player)
Population
200
Speed
Normal
Resources
Standard
Victory
Conquest
Starting age
Dark Age
Ending age
Imperial Age
RankedLock teamsTeams togetherTeam positionsShared explorationLock speedFull tech treeHidden civsTurbo modeCheats
Victory
Defeat
🇩🇪 Lithuanians · Germany
1025
+18
🇺🇦 Sicilians · Ukraine
1067
-18
RikkyOlaque
6:02 Loom
10:15 Feudal Age
11:08 Double-Bit Axe
14:32 Horse Collar
16:01 Fletching
20:24 Forging
23:37 Castle Age
23:11 Scale Mail Armor
antibar9968
9:28 Feudal Age
9:26 Loom
9:54 Double-Bit Axe
9:51 Horse Collar
12:23 Man-at-Arms
24:47 Castle Age
24:13 Forging
25:08 Pikeman
Connection lost

Rejoining the realm…

Still unreachable

The connection could not be restored.

Session expired

The server has moved on; the page needs a fresh start.